 Dungeon Crawl Stone Soup version 0.26-a0-958-gf3041fb45f (webtiles) character file.

Game seed: 16570141053409837222

721669 KristoblXynda the Draconian Blade (level 27, -5/246 HPs)
             Began as a Grey Draconian Gladiator on Nov 29, 2020.
             Was an Initiate of Gozag.
             Slain by a hell knight
             ... wielding a +2 demon trident of pain
              (18 damage)
             ... in the Vestibule of Hell on Nov 30, 2020.
             The game lasted 03:53:51 (98184 turns).

KristoblXynda the Draconian Blade (DrGl)           Turns: 98184, Time: 03:53:51

Health: -5/246     AC: 35    Str: 29    XL:     27
Magic:  42/42      EV: 30    Int: 21    God:    Gozag
Gold:   886        SH: 25    Dex: 19    Spells: 28/56 levels left

rFire    + + .     SeeInvis +   T - +6 demon blade of the Fox {vamp, *Rage rN+ Str+7 Stlth+}
rCold    + + +     Faith    .   d - +5 kite shield {reflect}
rNeg     + + +     Spirit   .   (armour unavailable)
rPois    ∞         Reflect  +   L - +2 hat {SInv}
rElec    +         Harm     .   I - +2 cloak {MR+}
rCorr    .         Rampage  .   B - +2 pair of gloves {archery}
MR       ++++.                  p - +2 pair of boots {Fly}
Stlth    ++++......             b - amulet of reflection
HPRegen  0.00/turn              q - ring "Niwinn" {rF+ rC+ Str+3}
MPRegen  0.28/turn              J - ring "Girr" {+Inv rElec rF+ Int+2 Dex+6}

@: lich-form, flying, studying Stealth
A: (walk through water), unfitting armour, berserk 2, cold resistance 1, poison
resistance, electricity resistance, inhibited regeneration, unbreathing,
cold-blooded, MP-powered wands, AC +18
}: 5/15 runes: serpentine, barnacled, slimy, silver, abyssal
a: End Transformation, Potion Petition, Call Merchant, Bribe Branch, Renounce
Religion, Evoke Invisibility, Stop Flying


You were in the Vestibule of Hell.
You worshipped Gozag.
Gozag was pleased with you.
You were a lich.
You visited 13 branches of the dungeon, and saw 56 of its levels.
You visited the Abyss 3 times.
You visited 2 bazaars.
You also visited: Trove, Bailey, Gauntlet and Ice Cave.

You collected 37767 gold pieces.
You spent 8506 gold pieces at shops.
You paid 28375 gold pieces to Gozag.

Inventory:

Hand Weapons
 i - the +12 double sword of the Foremost Runes {vorpal, rF+ rN+ Dex+4}
   (You acquired it on level 1 of the Crypt)

   It inflicts extra damage upon your enemies.
   It affects your dexterity (+4).
   It protects you from fire.
   It protects you from negative energy.
 T - the +6 demon blade of the Fox (weapon) {vamp, *Rage rN+ Str+7 Stlth+}
   (You acquired it on level 7 of the Dungeon)

   It inflicts no extra harm, but heals its wielder when it wounds a living foe.
   It affects your strength (+7).
   It protects you from negative energy.
   It may make you go berserk in combat.
   It makes you more stealthy.
Missiles
 c - 8 throwing nets (quivered)
Armour
 d - a +5 kite shield of reflection (worn)
 p - a +2 pair of boots of flying (worn)
 B - a +2 pair of gloves of archery (worn)
 I - a +2 cloak of magic resistance (worn)
 L - a +2 hat of see invisible (worn)
Jewellery
 b - an amulet of reflection (around neck)
 q - the ring "Niwinn" (left hand) {rF+ rC+ Str+3}
   (You found it on level 5 of the Pits of Slime)

   [ring of protection from fire]

   It affects your strength (+3).
   It protects you from fire.
   It protects you from cold.
 J - the ring "Girr" (right hand) {+Inv rElec rF+ Int+2 Dex+6}
   (You found it in a treasure trove)

   [ring of protection from fire]

   It affects your intelligence (+2).
   It affects your dexterity (+6).
   It protects you from fire.
   It insulates you from electricity.
   It lets you turn invisible.
Wands
 r - a wand of paralysis (72)
 y - a wand of acid (26)
 E - a wand of digging (21)
Scrolls
 a - 2 scrolls of blinking
 g - 23 scrolls of teleportation
 h - 27 scrolls of remove curse
 k - 2 scrolls of enchant armour
 o - 11 scrolls of magic mapping
 u - 11 scrolls of amnesia
 w - 7 scrolls of immolation
 G - a scroll of holy word
 H - 2 scrolls of silence
 N - 5 scrolls of fog
 P - 10 scrolls of identify
Potions
 e - 12 potions of ambrosia
 f - 10 potions of magic
 j - 20 potions of curing
 l - 13 potions of brilliance
 n - 2 potions of mutation
 s - a potion of might
 t - 14 potions of heal wounds
 z - 4 potions of haste
 A - 3 potions of cancellation
 F - 2 potions of invisibility
 M - 4 potions of resistance
 U - a potion of berserk rage
Books
 O - a manual of Stealth
Miscellaneous
 m - a condenser vane
 C - a lightning rod (4/4)
 D - a phantom mirror
 K - a tin of tremorstones (2/2)
 S - a box of beasts


   Skills:
 - Level 20.0 Fighting
 - Level 22.3 Long Blades
 - Level 2.0 Throwing
 - Level 20.1 Dodging
 - Level 5.0 Stealth
 - Level 15.1 Shields
 - Level 15.0 Spellcasting
 - Level 10.9 Conjurations
 - Level 2.2 Summonings
 + Level 14.0 Necromancy
 + Level 20.7 Transmutations
 - Level 15.6 Earth Magic
 - Level 10.0 Evocations


You had 28 spell levels left.
You knew the following spells:

 Your Spells              Type           Power        Failure   Level
a - Statue Form           Tmut/Erth      #######..    1%          6
b - Lee's Rapid Deconstr  Erth           ######....   1%          5
c - Necromutation         Tmut/Necr      #######...   21%         8
d - Shatter               Erth           ######....   100%        9

Your spell library contained the following spells:

 Spells                   Type           Power        Failure   Level
 Animate Skeleton         Necr           ######       0%          1
 Beastly Appendage        Tmut           ######       0%          1
 Pain                     Necr           ####         0%          1
 Sandblast                Erth           ######       0%          1
 Passwall                 Tmut/Erth      #######.     0%          2
 Wereblood                Tmut           #######.     0%          2
 Magic Dart               Conj           ####         1%          1
 Shock                    Conj/Air       ####         1%          1
 Sting                    Tmut/Pois      ####         1%          1
 Summon Small Mammal      Summ           ####         1%          1
 Searing Ray              Conj           ######       1%          2
 Conjure Flame            Conj/Fire      #####...     1%          3
 Dazzling Flash           Conj/Hex       #####.       1%          3
 Ignite Poison            Fire/Tmut/Pois #####...     1%          3
 Spider Form              Tmut/Pois      ######....   1%          3
 Static Discharge         Conj/Air       #####...     1%          3
 Vampiric Draining        Necr           #######...   1%          3
 Animate Dead             Necr           #######...   1%          4
 Ice Form                 Ice/Tmut       ######..     1%          4
 Agony                    Necr           #######.     1%          5
 Alistair's Intoxication  Tmut/Pois      ######...    1%          5
 Blade Hands              Tmut           #######...   1%          5
 Borgnjor's Vile Clutch   Necr/Erth      #######...   1%          5
 Irradiate                Conj/Tmut      ######....   1%          5
 Death Channel            Necr           #######...   1%          6
 Hydra Form               Tmut           #######...   1%          6
 Dragon Form              Tmut           #######...   1%          7
 Call Imp                 Summ           ####....     2%          2
 Mephitic Cloud           Conj/Pois/Air  ####....     2%          3
 Apportation              Tloc           ###...       3%          1
 Corona                   Hex            ###....      3%          1
 Call Canine Familiar     Summ           ####....     4%          3
 Fulminant Prism          Conj/Hex       #####.....   4%          4
 Iskenderun's Mystic Bla  Conj/Tloc      #####...     4%          4
 Blink                    Tloc           N/A          6%          2
 Ensorcelled Hibernation  Hex/Ice        ###...       6%          2
 Poisonous Vapours        Pois/Air       ###...       6%          2
 Slow                     Hex            ###.....     6%          2
 Summon Guardian Golem    Hex/Summ       ###.....     8%          3
 Confusing Touch          Hex            ###.....     12%         3
 Gell's Gravitas          Tloc           ###.......   12%         3
 Lesser Beckoning         Tloc           ###.......   12%         3
 Teleport Other           Tloc           ###.....     12%         3
 Tukima's Dance           Hex            ###.....     12%         3
 Fireball                 Conj/Fire      #####.....   12%         5
 Lightning Bolt           Conj/Air       #####.....   12%         5
 Summon Ice Beast         Ice/Summ       ###.....     24%         4
 Summon Lightning Spire   Summ/Air       ###.....     24%         4
 Simulacrum               Ice/Necr       ######....   32%         6
 Cause Fear               Hex            ###.......   36%         4
 Olgreb's Toxic Radiance  Pois           ###.....     36%         4
 Passage of Golubria      Tloc           N/A          36%         4
 Summon Demon             Summ           ####......   41%         5
 Starburst                Conj/Fire      #####.....   54%         6
 Summon Forest            Summ/Tloc      ###.......   56%         5
 Summon Mana Viper        Hex/Summ       ###.....     56%         5
 Borgnjor's Revivificati  Necr           #######...   61%         8
 Infestation              Necr           #######...   61%         8
 Silence                  Hex/Air        ###.......   71%         5
 Haunt                    Necr/Summ      ######....   75%         7
 Freezing Cloud           Conj/Ice/Air   ####......   80%         6
 Shadow Creatures         Summ           N/A          94%         6
 Dispersal                Tloc           ###.......   99%         6
 Malign Gateway           Summ/Tloc      ###.......   100%        7
 Monstrous Menagerie      Summ           ####......   100%        7
 Summon Greater Demon     Summ           ####......   100%        7
 Disjunction              Tloc           ###.......   100%        8
 Ignition                 Fire           ###.......   100%        8
 Summon Horrible Things   Summ           ####......   100%        8
 Death's Door             Necr           #######...   100%        9
 Tornado                  Air            ###.......   100%        9


Dungeon Overview and Level Annotations

Branches:
Dungeon (15/15)            Temple (1/1) D:7            Lair (6/6) D:11
 Shoals (4/4) Lair:4        Snake (4/4) Lair:3        Slime (5/5) Lair:5
    Orc (2/2) D:10            Elf (3/3) Orc:2        Vaults (5/5) D:13
  Crypt (3/3) Vaults:2       Tomb (0/3) Crypt:3      Depths (5/5) D:15
   Hell (1/1)                 Zot (2/5) Depths:5     Bailey (visited)
  IceCv (visited)         Gauntlet (visited)
    Dis: Hell:1         Geh: Hell:1         Coc: Hell:1         Tar: Hell:1

Altars:
Ashenzari
Cheibriados
Dithmenos
Elyvilon
Fedhas
Gozag
Hepliaklqana
Kikubaaqudgha
Makhleb
Nemelex Xobeh
Okawaru
Qazlal
Ru
Sif Muna
Trog
Uskayaw
Vehumet
Wu Jian
Xom
Yredelemnul
Zin
The Shining One
Beogh

Shops:
D:3 :   D:4 :   D:9 *   D:12 *   D:14 }   Orc:2 *([[:   Shoals:1 }[(*(
Shoals:3 (?   Snake:2 *=   Snake:3 *   Vaults:1 *=   Vaults:4 }
Depths:1 ===*[}[=*}?![[   Depths:4 [:(=

Portals:
Hell: Depths:1 Depths:2 Depths:3 Depths:4 Depths:5
Abyss: Depths:2 Depths:4
Pandemonium: Depths:3
Ziggurat: Depths:4

Annotations:
D:8 2 transporters, Grum; twist's ghost, novice MiMo
Lair:1 1 runed translucent door, Regoshi's ghost, novice BaHu
Lair:2 exclusion: 2 oklob plants
Lair:6 2 transporters, thewurscht's ghost, journeyman GrFi
Vaults:3 2 runed translucent doors, Juploucw's ghost, veteran MiBe
Hell Geryon
Zot:1 2 transporters, Ufemuhich's ghost, legendary MiBe


Innate Abilities, Weirdness & Mutations

((You can walk through water.))
Your dull iron-grey scales are very hard. (AC +18)
You cannot fit into any form of body armour.
You can survive without breathing.
You are cold-blooded and may be slowed by cold attacks.
You often lose your temper in combat.
Your flesh is cold resistant. (rC+)
Your system is resistant to poisons. (rPois)
You are resistant to electric shocks. (rElec)
You do not regenerate when monsters are visible.
You expend magic power (3 MP) to strengthen your wands.


Message History

You block the hell beast's attack. The hell beast completely misses you.
The blizzard demon gestures at you.
The bolt of cold hits the frost giant zombie.
The frost giant zombie resists.
The bolt of cold misses you. The hell beast completely misses you.
You block the hell beast's attack. You block the red devil's attack.
Blink to where?
Press: ? - help, Dir - move target
As you read the scroll of blinking, it crumbles to dust.
You block the hell knight's attack. You block the orange demon's attack.
The blizzard demon waves its arms in wide circles.
The air twists around and violently strikes you in flight!!
* * * LOW HITPOINT WARNING * * *
The hell knight hits you from afar with a +2 demon trident of pain.
* * * LOW HITPOINT WARNING * * *
The red devil hits you but does no damage.
The orange demon completely misses you. You block the hell beast's attack. x2
The hell knight hits you from afar with a +2 demon trident of pain!!
You die...
Your body crumbles into a pile of gold.

#.....## ## ...... #
##. .......## .
##..##...##..## ..
##..#.......#..#
...##..4..4.........
.......#.42$$$...#..
......#Z.2p2L$....#
.......§Z2Z2Z$...#..
...##...Z224........
##..#2.Z&.$.#..#
##..##...##..## ##.
.......##
##.......## #.....##
...##


You could see Geryon, 5 hell beasts, 2 reapers, a blizzard demon, a hell knight
(fast), an orange demon, 3 red devils, a fire dragon zombie, an iron dragon
zombie, a deep elf high priest zombie, a spriggan defender zombie, a fire giant
zombie and a frost giant zombie.

Vanquished Creatures
  the Royal Jelly (Slime:5)
  Mara (Vaults:5)
  An orb of fire (Zot:1)
  An ancient lich (Vaults:5)
  Boris (Depths:3)
  Sojobo (Depths:4)
  Bai Suzhen (Crypt:3)
  Vashnia (Snake:4)
  A curse toe (Crypt:3)
  5 golden dragons
  3 profane servitors
  5 bone dragons
  A hellephant (Abyss:1)
  2 electric golems
  10 tentacled monstrosities
  Rupert (D:12)
  The ghost of tensugalgo the Spry, an adept DrBe of Trog (Vaults:2)
  15 liches
  3 deep elf blademasters
  Asterion (Elf:2)
  3 quicksilver dragons
  4 titans
  28 acid blobs
  2 death cobs (Zot:1)
  3 deep elf master archers (Elf:3)
  4 sphinxes
  9 ancient champions
  2 Executioners
  11 tentacled starspawn
  Gastronok (D:11)
  A kraken (Shoals:1)
  Agnes (Elf:1)
  The ghost of Caigor the Covert, an adept HuAr of Trog (Shoals:1)
  3 shadow dragons
  7 storm dragons
  10 tengu reavers
  4 revenants
  3 draconian monks
  Donald (Shoals:1)
  18 azure jellies
  3 draconian knights
  Roxanne (Elf:1)
  6 nagarajas (Snake:4)
  9 fire giants
  16 frost giants
  9 deep elf sorcerers
  20 vault wardens
  A ghost moth (Zot:1)
  2 cacodemons
  An iron dragon (Elf:2)
  3 draconian shifters (Depths:5)
  A balrug (Hell)
  4 draconian scorchers (Zot:1)
  7 deep elf elementalists
  3 curse skulls
  Louise (Shoals:3)
  4 orc warlords
  11 ghouls
  An angel (Abyss:2)
  4 draconian annihilators
  A reaper (Depths:1)
  37 very ugly things
  12 ironheart preservers
  2 war gargoyles
  2 entropy weavers
  4 black draconians
  5 vampire knights
  26 stone giants
  2 green draconians (Zot:1)
  5 white draconians
  8 deep elf annihilators
  3 lorocyprocas
  5 deep elf demonologists
  6 yellow draconians
  5 red draconians
  Azrael (D:14)
  11 spark wasps
  11 deep elf death magi
  9 purple draconians
  5 merfolk javelineers (Shoals:4)
  Snorg (D:11)
  9 eidola
  7 ettins
  4 death oozes
  2 green deaths
  2 mummy priests (Crypt:3)
  3 blizzard demons
  Josephine (D:11)
  6 merfolk impalers
  11 fire dragons
  5 deep elf high priests
  16 yaktaur captains
  A spectral kraken (Shoals:1)
  18 jiangshi
  17 great orbs of eyes
  16 naga warriors
  A quicksilver dragon skeleton (Hell)
  12 ice dragons
  6 rakshasas
  6 boulder beetles
  35 vault guards
  6 hydras
  12 centaur warriors
  A great orb of eyes (shapeshifter) (Vaults:5)
  3 catoblepae
  6 anacondas
  A spriggan air mage (Depths:4)
  8 ogre magi
  A merfolk avatar (Shoals:4)
  5 satyrs
  4 death knights
  2 alligator snapping turtles
  5 merfolk aquamancers (Shoals:4)
  17 two-headed ogres
  A tengu warrior (Depths:3)
  15 deep troll shamans
  18 deep troll earth magi
  5 hell hogs
  18 thrashing horrors
  Urug (Orc:1)
  5 spriggan berserkers
  A storm dragon zombie (Crypt:2)
  12 vampire magi
  5 soul eaters
  4 death yaks
  5 orc high priests
  5 sun demons
  22 naga sharpshooters
  13 shock serpents
  19 deep elf knights
  4 salamander mystics
  A storm dragon skeleton (Abyss:4)
  8 sixfirhies
  14 wretched stars
  7 spriggans
  13 hell knights
  4 shadow wraiths (Crypt:3)
  2 fire crabs (shapeshifter)
  13 iron trolls
  10 sea snakes
  2 titan skeletons (Crypt:2)
  A quicksilver dragon simulacrum (Hell)
  27 skeletal warriors
  A spatial maelstrom (Abyss:4)
  3 unseen horrors
  2 glowing orange brains
  52 deep trolls
  17 deep elf archers
  A shadow demon (Abyss:4)
  7 flayed ghosts
  13 ironbrand convokers
  A lindwurm (Lair:6)
  3 wizards
  41 starcursed masses
  A bog body (Crypt:2)
  14 orc knights
  6 naga ritualists
  27 large abominations
  A sea snake (shapeshifter) (Vaults:5)
  3 stone giant zombies
  6 harpies
  A harpy (shapeshifter) (Vaults:5)
  11 mana vipers
  A shadow dragon zombie (Crypt:3)
  52 deep elf magi
  10 necromancers
  A wolf spider zombie (Crypt:3)
  An iron dragon zombie (Crypt:3)
  17 fauns
  9 phantasmal warriors
  A sphinx zombie (Vaults:4)
  2 human zombies
  An orb spider (shapeshifter) (Vaults:5)
  3 orc sorcerers
  7 shining eyes
  3 wolf spiders
  38 ugly things
  An eleionoma zombie (Crypt:2)
  2 fire giant zombies
  7 cyclopes
  13 manticores
  A shining eye (shapeshifter) (D:15)
  15 salamanders
  3 worldbinders
  A tengu skeleton (Vaults:4)
  Maurice (D:13)
  8 guardian serpents
  7 ice statues
  8 moths of wrath
  8 merfolk sirens
  2 frost giant zombies (Hell)
  3 centaur zombies
  4 rust devils
  2 stone giant skeletons
  3 apocalypse crabs
  4 eyes of devastation
  5 torpor snails (Lair:6)
  34 naga magi
  A black mamba (shapeshifter) (Vaults:1)
  8 water nymphs
  An iron dragon skeleton (Crypt:2)
  8 smoke demons
  2 fire giant skeletons
  4 centaur skeletons
  A water nymph (shapeshifter) (Vaults:2)
  2 orange demons
  15 vault sentinels
  3 gargoyles
  3 spectral sea snakes (Shoals:1)
  39 black mambas
  Maggie (D:6)
  Psyche (D:9)
  55 yaktaurs
  2 yaktaur zombies
  10 cane toads
  4 efreet
  A hellion (Hell)
  2 demonic crawlers
  7 komodo dragons
  An alligator snapping turtle skeleton (Crypt:3)
  A rime drake (Lair:5)
  4 spriggan zombies (Hell)
  12 freezing wraiths
  3 tengu conjurers (Depths:3)
  A minotaur skeleton (Crypt:2)
  A hellwing (Abyss:2)
  8 ancient zymes
  A golden dragon simulacrum (IceCv)
  A harpy zombie (Crypt:3)
  A red devil (Depths:3)
  19 merfolk
  9 guardian mummies
  A queen bee (D:13)
  A death yak skeleton (Crypt:1)
  6 meliai (D:13)
  7 trolls
  A troll (shapeshifter) (Vaults:4)
  10 polar bears (Lair:6)
  2 meliai (shapeshifter)
  6 wind drakes
  20 hornets
  A polar bear (shapeshifter) (Vaults:1)
  111 slime creatures
  Grinder (D:3)
  5 tyrant leeches (Lair:6)
  A hornet (shapeshifter) (Vaults:3)
  2 raiju (shapeshifter)
  17 blink frogs
  An ettin zombie (Hell)
  35 raiju
  A jumping spider zombie (Crypt:3)
  A deep troll zombie (Depths:1)
  A fire giant simulacrum (Vaults:4)
  2 stone giant simulacra
  An ice dragon skeleton (Crypt:3)
  12 snapping turtles
  2 black mamba zombies
  A fire dragon zombie (Depths:1)
  13 ynoxinuls
  A redback (shapeshifter) (Vaults:5)
  5 flying skulls
  10 water elementals
  3 air elementals
  5 redbacks
  2 dire elephant simulacra (IceCv)
  A tarantella (Vaults:3)
  An ushabti (Crypt:3)
  6 fire bats (Abyss:4)
  5 shadows
  7 wyverns
  13 wraiths
  A vampire (Abyss:4)
  12 basilisks
  An ettin skeleton (Vaults:2)
  71 yaks
  6 golden eyes
  A wind drake skeleton (Crypt:2)
  20 humans (D:13)
  6 neqoxecs
  4 fire elementals
  A yaktaur simulacrum (Vaults:2)
  6 vampire mosquitoes
  A hog (shapeshifter) (Elf:3)
  10 wargs
  A spatial vortex (Abyss:4)
  2 steam dragons (Gauntlet)
  13 chaos spawn
  2 iron troll simulacra (IceCv)
  A soldier ant (D:12)
  A torturous demonspawn zombie (Crypt:3)
  75 nagas
  A swamp worm (Lair:6)
  2 harpy simulacra (IceCv)
  A soldier ant (shapeshifter) (D:15)
  26 hell hounds
  5 insubstantial wisps (Abyss:3)
  2 hydra simulacra (IceCv)
  An acid dragon (Vaults:1)
  A floating eye (shapeshifter) (Elf:2)
  A floating eye (Slime:2)
  An acid dragon (shapeshifter) (Depths:3)
  21 water moccasins
  A torturous demonspawn skeleton (Crypt:1)
  An infernal demonspawn skeleton (Crypt:2)
  A two-headed ogre skeleton (Crypt:2)
  4 sky beasts
  48 orc warriors
  14 black bears
  An ettin simulacrum (Depths:1)
  6 eyes of draining
  12 ice beasts
  4 phantoms
  2 eyes of draining (shapeshifter)
  27 wolves
  32 ogres
  10 necrophages
  4 boggarts (Depths:2)
  26 centaurs
  23 small abominations
  A snapping turtle skeleton (Crypt:1)
  A hog skeleton (Crypt:2)
  16 bullfrogs
  2 big kobolds
  Blork the orc (D:4)
  4 earth elementals
  An elf skeleton (Crypt:3)
  A troll zombie (Crypt:2)
  A wyvern skeleton (D:9)
  6 scorpions
  A human simulacrum (Vaults:2)
  20 wights
  18 killer bees
  A polar bear skeleton (Crypt:1)
  A yak skeleton (Crypt:2)
  4 electric eels
  A crimson imp (Abyss:1)
  3 quasits
  23 orc priests
  A hound (shapeshifter) (Vaults:5)
  9 hounds
  5 jellies
  2 bullfrog zombies
  25 orc wizards
  2 bullfrog skeletons
  8 iron imps
  A black bear skeleton (Crypt:2)
  A hell rat (D:8)
  5 worker ants
  3 iguanas
  A tengu zombie (Crypt:3)
  A big kobold zombie (Crypt:3)
  2 hound zombies (D:8)
  3 hound skeletons
  7 mummies (Crypt:3)
  A worker ant zombie (D:8)
  Robin (D:4)
  4 gnolls
  A howler monkey skeleton (D:5)
  11 adders
  6 river rats (D:8)
  3 shadow imps
  7 white imps
  5 ufetubi
  5 oozes
  An adder skeleton (D:4)
  A lava snake skeleton (Crypt:1)
  3 worms (D:7)
  A worm (shapeshifter) (Vaults:4)
  A dart slug (D:1)
  6 leopard geckos
  132 orcs
  A bat skeleton (Crypt:1)
  11 giant cockroaches
  19 goblins
  15 hobgoblins
  3 jackals (D:4)
  29 kobolds
  2 quokkas
  3 ball pythons
  6 bats
  8 frilled lizards
  A gnoll zombie (Crypt:1)
  A jackal zombie (D:8)
  A leopard gecko zombie (D:5)
  25 rats
  A lurking horror (Abyss:4)
  3 starspawn tentacles
  4 tentacles (Shoals:1)
3003 creatures vanquished.

Vanquished Creatures (collateral kills)
  A vault warden (Vaults:4)
  A stone giant (Depths:2)
  A minotaur (Gauntlet)
  A jiangshi (Depths:1)
  2 death oozes (Slime:5)
  An ice dragon (Depths:1)
  A wizard (Depths:2)
  A blink frog (Lair:6)
  A slime creature (Slime:5)
  A swamp worm (Lair:6)
  A warg (Orc:1)
  A water moccasin (Lair:1)
  5 orc warriors
  An orc wizard (D:9)
  5 orcs
24 creatures vanquished.

Vanquished Creatures (others)
  A titan (Vaults:5)
  2 tengu reavers (Depths:4)
  A vault warden (Vaults:5)
  A draconian scorcher (Zot:1)
  A reaper (Hell)
  A draconian annihilator (Zot:1)
  A deep elf demonologist (Vaults:5)
  A purple draconian (Zot:1)
  A yaktaur captain (Depths:4)
  21 dancing weapons
  A hell hog (Depths:4)
  2 deep elf magi
  A salamander (Snake:2)
  A salamander (shapeshifter) (Vaults:5)
  An orange demon (Hell)
  A swamp worm (shapeshifter) (Vaults:5)
  A warg (Orc:1)
  A sky beast (Abyss:4)
  A centaur (Depths:1)
  A warg skeleton (Crypt:3)
  39 fungi
  131 plants
  35 starspawn tentacles
  16 tentacles (Shoals:1)
263 creatures vanquished.

Grand Total: 3290 creatures vanquished

Notes
Turn   | Place    | Note
-------+----------+-------------------------------------------
     0 | D:1      | KristoblXynda the Draconian Gladiator began the quest for
                  | the Orb.
     0 | D:1      | Reached XP level 1. HP: 17/17 MP: 1/1
   445 | D:1      | Reached XP level 2. HP: 22/25 MP: 2/2
   962 | D:1      | Reached XP level 3. HP: 7/30 MP: 3/3
  2368 | D:2      | You fall into a shaft and drop 2 floors!
  2368 | D:4      | Noticed Blork the orc
  3121 | D:3      | Reached XP level 4. HP: 30/38 MP: 4/4
  3191 | D:3      | Noticed Grinder
  3202 | D:3      | Reached skill level 4 in Long Blades
  3230 | D:3      | Killed Grinder
  3231 | D:3      | Reached skill level 5 in Long Blades
  3231 | D:3      | Reached XP level 5. HP: 15/46 MP: 5/5
  3529 | D:3      | Reached XP level 6. HP: 52/52 MP: 6/6
  3919 | D:4      | Found Xiunipp's Book Emporium.
  3929 | D:4      | Noticed Robin
  4199 | D:4      | Killed Blork the orc
  4218 | D:4      | Reached skill level 1 in Shields
  4618 | D:4      | Killed Robin
  5178 | D:5      | Entered Level 5 of the Dungeon
  5237 | D:5      | Your scales start taking on a dull iron-grey colour.
  5237 | D:5      | Reached XP level 7. HP: 60/60 MP: 7/7
  5237 | D:5      | Gained mutation: You can survive without breathing. [Grey
                  | Draconian growth]
  5621 | D:5      | Reached skill level 6 in Long Blades
  6231 | D:6      | Noticed Maggie
  6261 | D:6      | Killed Maggie
  6262 | D:6      | Reached skill level 5 in Fighting
  6262 | D:6      | Reached skill level 7 in Long Blades
  6262 | D:6      | Reached XP level 8. HP: 23/68 MP: 8/8
  6617 | D:6      | Reached skill level 5 in Dodging
  7213 | D:6      | Reached skill level 8 in Long Blades
  7904 | D:7      | Reached XP level 9. HP: 70/74 MP: 9/9
  7915 | D:7      | Found a staircase to the Ecumenical Temple.
  7924 | Temple   | Entered the Ecumenical Temple
  8157 | Temple   | Became a worshipper of Gozag Ym Sagoz the Greedy
  8182 | D:7      | Identified a scroll of acquirement
  8183 | D:7      | Acquired the +6 demon blade of the Fox {vamp, *Rage rN+
                  | Str+7 Stlth+}
  8537 | D:7      | Noticed a moth of wrath
  8540 | D:7      | Found a bloodstained altar of Trog.
  8830 | D:8      | Found a transporter.
  8859 | D:8      | Noticed Grum
  9108 | D:8      | Reached skill level 9 in Long Blades
  9110 | D:8      | Noticed a two-headed ogre
  9135 | D:8      | Killed a two-headed ogre
  9171 | D:8      | Found a transporter.
  9218 | D:8      | Noticed twist's ghost (novice MiMo)
  9259 | D:8      | Identified the +4 trident of the Saviour {pain, rPois Str+6
                  | Int-5 SInv}
  9259 | D:8      | Identified the ring "Ekaozito" {rPois rC+ MR+ EV+4 Stlth-}
  9362 | D:8      | Reached skill level 10 in Long Blades
  9542 | D:8      | Noticed a two-headed ogre
  9552 | D:8      | Killed a two-headed ogre
  9553 | D:8      | Reached XP level 10. HP: 86/86 MP: 10/10
  9877 | D:8      | Found the +2 ratskin cloak {*Rats rPois rN+ Str-1 Int-1
                  | Dex+1}
 10144 | D:9      | Reached skill level 1 in Evocations
 10312 | D:9      | Found Yntiassiu's Mayhem Merchandise.
 11289 | D:9      | Found a shadowy altar of Dithmenos.
 11366 | D:9      | Noticed Psyche
 11378 | D:9      | Killed Psyche
 11379 | D:9      | Reached skill level 11 in Long Blades
 11463 | D:10     | Entered Level 10 of the Dungeon
 11573 | D:10     | Found a staircase to the Orcish Mines.
 12025 | D:10     | Reached XP level 11. HP: 67/95 MP: 11/11
 12666 | D:10     | Found a white marble altar of Elyvilon.
 13137 | D:11     | Noticed a two-headed ogre
 13147 | D:11     | Killed a two-headed ogre
 13337 | D:11     | Found a portal to a secret trove of treasure.
 13343 | D:11     | Reached skill level 5 in Evocations
 13405 | D:11     | Noticed Josephine
 13406 | D:11     | Noticed Snorg
 13428 | D:11     | Killed Josephine
 13447 | D:11     | Killed Snorg
 13450 | D:11     | Noticed a two-headed ogre
 13458 | D:11     | HP: 4/97 [wight/cursed +5 halberd of freezing (1)]
 13955 | D:11     | Killed a two-headed ogre
 14058 | D:11     | Reached skill level 10 in Fighting
 14118 | D:11     | Noticed a purple ugly thing
 14118 | D:11     | Noticed a green ugly thing
 14152 | D:10     | Killed a purple ugly thing
 14153 | D:10     | Reached skill level 12 in Long Blades
 14238 | D:11     | Killed a green ugly thing
 14279 | D:11     | Reached skill level 1 in Stealth
 14304 | D:11     | Reached XP level 12. HP: 65/106 MP: 12/12
 14341 | D:11     | Found a staircase to the Lair.
 14624 | D:11     | Noticed Gastronok
 14648 | D:11     | Killed Gastronok
 15026 | Lair:1   | Entered Level 1 of the Lair of Beasts
 15509 | Lair:1   | Learned a level 4 spell: Summon Lightning Spire
 16126 | D:12     | Noticed Rupert
 16285 | Lair:1   | Reached skill level 10 in Dodging
 17061 | Lair:1   | Found a runed translucent door.
 17077 | Lair:1   | Noticed Regoshi's ghost (novice BaHu)
 17078 | Lair:1   | Identified the +1 spear "Xutzef" {flame, Fragile rF+ Dex+3}
 17362 | Lair:2   | Noticed a death yak
 17402 | Lair:2   | Killed a death yak
 17648 | Lair:2   | Reached skill level 5 in Stealth
 17728 | Lair:2   | Reached skill level 13 in Long Blades
 17732 | Lair:2   | Reached skill level 1 in Summonings
 18406 | Lair:2   | Learned a level 3 spell: Mephitic Cloud
 18420 | Lair:2   | Reached XP level 13. HP: 113/113 MP: 13/13
 18804 | Lair:3   | Found a staircase to the Snake Pit.
 19938 | Lair:4   | Found a gate leading to a gauntlet.
 19953 | Gauntlet | Entered a Gauntlet
 19953 | Gauntlet | Found a transporter.
 19953 | Gauntlet | Found a runed translucent gate.
 19953 | Gauntlet | Found a transporter.
 19953 | Gauntlet | Found a runed translucent gate.
 20089 | Gauntlet | Found a runed translucent gate.
 20090 | Gauntlet | Found a transporter.
 20090 | Gauntlet | Found a transporter.
 20112 | Gauntlet | Found a transporter.
 20120 | Gauntlet | Found a transporter.
 20124 | Gauntlet | Found a transporter.
 20132 | Gauntlet | Found a transporter.
 20149 | Gauntlet | Found a transporter.
 20163 | Gauntlet | Found a transporter.
 20167 | Gauntlet | Found a transporter.
 20176 | Gauntlet | Found a transporter.
 20234 | Gauntlet | Got a pair of bloodstained boots
 20247 | Gauntlet | Identified the +0 pair of boots "Suidasug" {Rampage +Blink
                  | rF- Int+3} (You found it in a Gauntlet)
 20292 | Gauntlet | Reached skill level 5 in Shields
 20320 | Gauntlet | Got a translucent ruby amulet
 20475 | Gauntlet | Identified the amulet of Agele {Inacc rC+ Str+2} (You found
                  | it in a Gauntlet)
 20502 | Gauntlet | Got a pair of faintly glowing gloves
 20688 | Gauntlet | Identified the cursed -6 pair of gloves "Gole" {rPois MR-
                  | Dex+4} (You found it in a Gauntlet)
 20704 | Gauntlet | Identified the ring "Buamm" {rF++ rC- rN+ Dex-2 SInv}
 20704 | Gauntlet | Noticed a minotaur
 20720 | Gauntlet | HP: 2/113 [minotaur/the +8 lance "Wyrmbane" {slay drac,
                  | rPois rF+ rC+ AC+3} (28)]
 20736 | Gauntlet | Killed a minotaur
 21080 | Gauntlet | Identified the Compendium of Excruciating Transmigration
 21526 | Lair:4   | Found a staircase to the Shoals.
 23118 | Lair:5   | Found a staircase to the Slime Pits.
 23408 | Lair:5   | Found a sparkling altar of Nemelex Xobeh.
 23466 | Lair:5   | Reached skill level 10 in Evocations
 23975 | Lair:6   | Entered Level 6 of the Lair of Beasts
 23998 | Lair:6   | Reached skill level 1 in Conjurations
 24004 | Lair:6   | Reached XP level 14. HP: 112/121 MP: 14/14
 24008 | Lair:6   | Reached skill level 14 in Long Blades
 24040 | Lair:6   | Found a transporter.
 24046 | Lair:6   | Noticed thewurscht's ghost (journeyman GrFi)
 24069 | Lair:6   | Found a transporter.
 25265 | Lair:6   | Learned a level 6 spell: Statue Form
 25627 | Lair:6   | Reached skill level 1 in Earth Magic
 25959 | Lair:6   | Found a runed translucent door.
 25972 | Lair:6   | Reached skill level 5 in Conjurations
 26744 | Orc:1    | Entered Level 1 of the Orcish Mines
 26988 | Orc:1    | Found a roughly hewn altar of Beogh.
 27166 | Orc:2    | Entered Level 2 of the Orcish Mines
 27166 | Orc:2    | Found a staircase to the Elven Halls.
 27259 | Orc:2    | Reached skill level 1 in Transmutations
 27560 | Orc:2    | Found Aryt Coe's Armour Shoppe.
 27569 | Orc:2    | Bought a +0 robe for 11 gold pieces
 27569 | Orc:2    | Bought a +2 cloak of magic resistance for 365 gold pieces
 27670 | Orc:2    | Found a roughly hewn altar of Beogh.
 27712 | Orc:2    | Found a roughly hewn altar of Beogh.
 27713 | Orc:2    | Found Widehar's Assorted Antiques.
 27746 | Orc:2    | Bought a scroll of enchant weapon for 232 gold pieces
 27844 | Orc:2    | Noticed an orc warlord
 27877 | Orc:2    | Killed an orc warlord
 27924 | Orc:2    | Reached skill level 15 in Long Blades
 27924 | Orc:2    | Reached XP level 15. HP: 113/126 MP: 15/15
 28214 | Orc:2    | Found Zothak's Antique Armour Shoppe.
 28215 | Orc:2    | Found a roughly hewn altar of Beogh.
 28218 | Orc:2    | Found Nuor's Antique Weapon Emporium.
 28546 | Orc:2    | Found a roughly hewn altar of Beogh.
 28546 | Orc:2    | Found Teats's Book Shoppe.
 28828 | Orc:2    | Found a roughly hewn altar of Beogh.
 28962 | Orc:1    | Noticed Urug
 28981 | Orc:1    | Killed Urug
 29332 | Orc:1    | Reached skill level 5 in Earth Magic
 29353 | Orc:1    | Noticed an orc warlord
 29392 | Orc:1    | Killed an orc warlord
 29935 | D:13     | Noticed Maurice
 29946 | D:13     | Killed Maurice
 30701 | D:13     | Found a gate to the Vaults.
 31166 | D:14     | Found Wucw's Gadget Shop.
 31222 | D:14     | Bought a box of beasts for 560 gold pieces
 31265 | D:14     | Found a flagged portal.
 31274 | Bailey   | Entered a bailey
 32102 | D:14     | Noticed Azrael
 32121 | D:14     | Killed Azrael
 33153 | D:15     | Entered Level 15 of the Dungeon
 33910 | D:15     | Found a staircase to the Depths.
 34382 | Depths:1 | Entered Level 1 of the Depths
 34387 | Depths:1 | Bought a scroll of enchant armour for 127 gold pieces
 34387 | Depths:1 | Bought a scroll of enchant weapon for 127 gold pieces
 34387 | Depths:1 | Bought a scroll of teleportation for 51 gold pieces
 34387 | Depths:1 | Bought a scroll of enchant weapon for 127 gold pieces
 34387 | Depths:1 | Bought a scroll of teleportation for 51 gold pieces
 34391 | Depths:1 | Bought a +2 pair of gloves of archery for 258 gold pieces
 34450 | Depths:1 | Reached XP level 16. HP: 112/134 MP: 16/16
 35221 | Depths:1 | Reached skill level 16 in Long Blades
 35268 | Depths:1 | Found a gateway to Hell.
 35458 | Depths:1 | Reached skill level 10 in Earth Magic
 36955 | Depths:2 | Found a glowing silver altar of Zin.
 37332 | Depths:2 | Reached XP level 17. HP: 126/143 MP: 17/17
 37372 | Depths:2 | Reached skill level 10 in Conjurations
 37557 | Depths:2 | Found a shadowy altar of Dithmenos.
 37563 | Depths:2 | Paralysed by a sphinx for 2 turns
 38062 | Depths:2 | Reached skill level 17 in Long Blades
 38211 | Depths:2 | Identified the cursed +1 falchion "Iruh" {drain, Int+6
                  | Dex+4}
 38599 | Depths:2 | Noticed a titan
 38612 | Depths:2 | Killed a titan
 38892 | Depths:2 | Reached skill level 15 in Dodging
 38892 | Depths:2 | Reached skill level 1 in Spellcasting
 39518 | Depths:2 | Found a one-way gate to the infinite horrors of the Abyss.
 40113 | Depths:1 | Bought the ring of Life {rN+ Int+3 SInv} for 675 gold
                  | pieces
 40507 | Snake:1  | Entered Level 1 of the Snake Pit
 40547 | Snake:1  | Reached XP level 18. HP: 155/155 MP: 22/22
 40632 | Snake:1  | Found a flickering gateway to a bazaar.
 40662 | Bazaar   | Entered a bazaar
 40666 | Bazaar   | Found Ceoll's Jewellery Boutique.
 40684 | Bazaar   | Found Asunyrgh's Antique Weapon Emporium.
 40701 | Bazaar   | Found Hufryice's Distillery.
 40706 | Bazaar   | Bought a potion of heal wounds for 60 gold pieces
 40720 | Bazaar   | Found Ygoxaq's Antique Armour Shoppe.
 40743 | Bazaar   | Bought the ring "Wirouh" {Fire rPois Int+2 Dex+6} for 795
                  | gold pieces
 43010 | Snake:2  | Found Biorhej's Jewellery Emporium.
 43015 | Snake:2  | Bought a cursed -4 ring of evasion for 38 gold pieces
 43029 | Snake:2  | Found Ruomosi's Assorted Antiques.
 43033 | Snake:2  | Bought an emerald potion for 31 gold pieces
 43033 | Snake:2  | Bought a scroll of teleportation for 105 gold pieces
 43779 | Snake:2  | Reached skill level 5 in Spellcasting
 44294 | Snake:3  | Reached skill level 18 in Long Blades
 44405 | Snake:3  | Found Miob's Assorted Antiques.
 44458 | Snake:3  | Bought a shiny tower shield for 187 gold pieces
 44992 | Snake:4  | Entered Level 4 of the Snake Pit
 45223 | Snake:4  | Found a shimmering altar of Xom.
 45262 | Snake:4  | Reached XP level 19. HP: 166/166 MP: 28/28
 45843 | Snake:4  | Noticed Vashnia
 46285 | Snake:4  | Reached skill level 10 in Shields
 46444 | Snake:4  | Killed Vashnia
 46667 | Snake:4  | Reached skill level 5 in Transmutations
 46824 | Snake:4  | Got a serpentine rune of Zot
 47177 | Depths:1 | Bought a shiny kite shield for 202 gold pieces
 47177 | Depths:1 | Bought a bloodstained hat for 243 gold pieces
 47179 | Depths:1 | Identified the +0 hat "Forch" {rC+ Slay-5 SInv} (You bought
                  | it in a shop on level 1 of the Depths)
 47512 | Depths:3 | Noticed a golden dragon
 47534 | Depths:3 | Killed a golden dragon
 47765 | Depths:3 | Noticed Boris
 47768 | Depths:3 | Noticed a golden dragon
 47789 | Depths:3 | Killed Boris
 47798 | Depths:3 | Killed a golden dragon
 48763 | Depths:3 | Reached skill level 19 in Long Blades
 48779 | Depths:3 | Reached XP level 20. HP: 157/174 MP: 32/32
 49437 | Depths:3 | Found a one-way gate leading to the halls of Pandemonium.
 50601 | Depths:4 | Found a gateway to a ziggurat.
 50823 | Depths:4 | Noticed Sojobo
 51508 | Depths:4 | Found Cibushre's Antique Weapon Boutique.
 51508 | Depths:4 | Found Dahaenuri's Book Shop.
 51509 | Depths:4 | Found Ojobeugg's Jewellery Boutique.
 51511 | Depths:4 | Found Gapnuorgh's Armour Shop.
 51517 | Depths:4 | Bought a manual of Dodging for 1545 gold pieces
 52091 | Depths:4 | Reached skill level 10 in Spellcasting
 52189 | Depths:4 | Identified the Volume of Virous Slavery
 52314 | Depths:4 | Killed Sojobo
 52779 | Depths:5 | Entered Level 5 of the Depths
 52779 | Depths:5 | Noticed a bone dragon
 53119 | Depths:5 | Killed a bone dragon
 53742 | Shoals:1 | Entered Level 1 of the Shoals
 53742 | Shoals:1 | Found Otwa's Antique Weapon Boutique.
 53748 | Shoals:1 | Found Zaptow's Antique Armour Boutique.
 53757 | Shoals:1 | Reached XP level 21. HP: 181/181 MP: 35/35
 53763 | Shoals:1 | Bought a glowing cloak for 217 gold pieces
 53803 | Shoals:1 | Found Canamexi's General Store.
 53813 | Shoals:1 | Bought a potion of heal wounds for 60 gold pieces
 53826 | Shoals:1 | Found Vatuwey's Antique Weapon Boutique.
 53975 | Shoals:1 | Noticed Caigor's ghost (adept HuAr)
 54107 | Shoals:1 | Noticed Donald
 54116 | Shoals:1 | Killed Donald
 54157 | Shoals:1 | Upgraded the game from 0.26-a0-950-g52035dc9a5 to
                  | 0.26-a0-958-gf3041fb45f
 54302 | Shoals:1 | Found Puvid's Gadget Boutique.
 54445 | Shoals:1 | Found a transporter.
 54447 | Shoals:1 | Found a transporter.
 54486 | Shoals:1 | Killed Caigor's ghost
 54568 | Shoals:1 | Got a slimy jade ring
 54576 | Shoals:1 | Identified the ring "Zeofire" {rF+ Dex+4} (You found it on
                  | level 1 of the Shoals)
 55105 | Shoals:2 | Reached skill level 10 in Transmutations
 56376 | Shoals:3 | Noticed Louise
 56446 | Shoals:3 | Killed Louise
 56447 | Shoals:3 | Reached skill level 20 in Long Blades
 56594 | Shoals:3 | Found Mithruyfi's Magic Scroll Boutique.
 56602 | Shoals:3 | Bought a scroll of teleportation for 45 gold pieces
 56602 | Shoals:3 | Bought a scroll of identify for 30 gold pieces
 56602 | Shoals:3 | Bought a scroll of teleportation for 45 gold pieces
 56656 | Shoals:3 | Found Toan Jos's Weapon Shoppe.
 57087 | Shoals:4 | Entered Level 4 of the Shoals
 57087 | Shoals:4 | Found a frozen archway.
 57139 | IceCv    | Entered an ice cave
 57893 | IceCv    | Identified the Tome of the Oath
 57944 | Shoals:4 | Found the cursed +14 obsidian axe {vorpal, +Fly SInv
                  | *Curse}
 58960 | Shoals:4 | Got a barnacled rune of Zot
 59456 | Shoals:4 | Found the +3 warlock's mirror {reflect}
 60607 | Depths:5 | Acquired the +2 pair of gloves of Kiurogry {*Corrode rPois
                  | Str+3 Stlth+}
 60618 | Depths:5 | Found a broken altar of Ashenzari.
 60650 | Depths:5 | Reached XP level 22. HP: 191/191 MP: 36/36
 60666 | Depths:5 | Reached skill level 15 in Fighting
 60926 | Depths:5 | Found a gate to the Realm of Zot.
 61474 | Elf:1    | Entered Level 1 of the Elven Halls
 61474 | Elf:1    | Identified Roxanne's Reference Book on Transmigration
 61474 | Elf:1    | Noticed Roxanne
 61498 | Elf:1    | Killed Roxanne
 61716 | Elf:1    | Noticed Agnes
 61721 | Elf:1    | Killed Agnes
 62098 | Elf:1    | Identified Iqonith's Disquisition on Arcane Weapons
 62972 | Elf:2    | Noticed Asterion
 62990 | Elf:2    | Killed Asterion
 63170 | Elf:2    | Found a huge runed translucent gate.
 63170 | Elf:2    | Found a huge runed translucent gate.
 63171 | Elf:2    | Found a huge runed translucent gate.
 63172 | Elf:2    | Found a huge runed translucent gate.
 63184 | Elf:2    | Found a huge runed translucent gate.
 63278 | Elf:2    | Identified the Papyrus of the Rocks
 63332 | Elf:2    | Learned a level 5 spell: Lee's Rapid Deconstruction
 64124 | Elf:3    | Entered Level 3 of the Elven Halls
 65471 | Elf:3    | Identified the ring of Plog {MR+ SInv}
 65816 | Elf:3    | Identified Cukleic's Volume of Creative Earth
 65842 | Elf:3    | Identified the Almanac of the Mutagenic Compass
 65922 | Elf:3    | Reached XP level 23. HP: 202/202 MP: 37/39
 66123 | Elf:3    | Identified the cursed +3 short sword "Joechuz" {venom,
                  | rPois}
 66505 | Shoals:3 | Bought a scroll of enchant weapon for 112 gold pieces
 66699 | D:12     | Found Riclorch's Assorted Antiques.
 66707 | D:12     | Bought 2 potions of heal wounds for 280 gold pieces
 66707 | D:12     | Bought a potion of heal wounds for 140 gold pieces
 67670 | D:12     | Killed Rupert
 68265 | D:11     | You paid a toll of a +6 demon blade to enter a treasure
                  | trove
 68266 | Trove    | Entered a treasure trove
 68270 | Trove    | Found the ring of Shadows {Umbra +Inv Stlth+}
 68273 | Trove    | Got a wavering bronze ring
 68277 | Trove    | Got a clouded glass ring
 68279 | Trove    | Got a transparent bone ring
 68282 | Trove    | Got a steaming bone ring
 68310 | D:11     | Identified the ring of Eternity {rF+ rC+ Int+3} (You found
                  | it in a treasure trove)
 68311 | D:11     | Identified the ring "Girr" {+Inv rElec rF+ Int+2 Dex+6}
                  | (You found it in a treasure trove)
 68312 | D:11     | Identified the ring of Xom's Anger {rF+ MR+} (You found it
                  | in a treasure trove)
 68313 | D:11     | Identified the ring "Omeuh" {AC+4 Str+5 Dex+2} (You found
                  | it in a treasure trove)
 68465 | Vaults:1 | Entered Level 1 of the Vaults
 68530 | Vaults:1 | Found a flickering gateway to a bazaar.
 68548 | Bazaar   | Entered a bazaar
 68548 | Bazaar   | Found Nifripn's Assorted Antiques.
 68681 | Bazaar   | Bought a scroll of identify for 30 gold pieces
 68681 | Bazaar   | Bought a scroll of teleportation for 45 gold pieces
 68681 | Bazaar   | Bought a potion of heal wounds for 75 gold pieces
 68681 | Bazaar   | Bought a warped gossamer ring for 75 gold pieces
 68681 | Bazaar   | Bought a fine brass ring for 75 gold pieces
 68684 | Bazaar   | Found Pypinn's Assorted Antiques.
 68689 | Bazaar   | Found Lycvaet's Book Shop.
 68695 | Bazaar   | Bought a pair of embroidered boots for 225 gold pieces
 68737 | Bazaar   | Found Apsibbev's Assorted Antiques.
 68741 | Bazaar   | Found Bumajax's Jewellery Shop.
 68745 | Bazaar   | Bought a potion of mutation for 104 gold pieces
 68779 | Vaults:1 | Identified the ring of Miclafudics {rCorr Str+5} (You
                  | bought it in a shop in a bazaar)
 68780 | Vaults:1 | Identified the ring of Existentialism {rPois MP+9 Int+2}
                  | (You bought it in a shop in a bazaar)
 70262 | Vaults:1 | Found Beaxames's Jewellery Shoppe.
 70303 | Vaults:1 | Found Ruytrazo's Assorted Antiques.
 70311 | Vaults:1 | Bought a potion of mutation for 248 gold pieces
 70898 | Vaults:2 | Found a staircase to the Crypt.
 71923 | Vaults:2 | Found a runed translucent gate.
 71923 | Vaults:2 | Found a runed translucent gate.
 71923 | Vaults:2 | Found a runed translucent gate.
 71923 | Vaults:2 | Noticed tensugalgo's ghost (adept DrBe)
 71924 | Vaults:2 | Identified the +8 great sword of Objectivity {holy, Int+3}
 71927 | Vaults:2 | Identified the cursed +2 great mace of Qazlal's Anger
                  | {vamp, rPois}
 71927 | Vaults:2 | Identified the cursed +1 plate armour "Veafegh" {Rampage
                  | +Blink rPois Str-3 Dex-2}
 72103 | Vaults:2 | Identified the +8 dagger of Laxad {holy, rPois Dex+4}
 72106 | Vaults:2 | Found a roughly hewn altar of Beogh.
 72132 | Vaults:2 | Killed tensugalgo's ghost
 74037 | Vaults:3 | Found a large runed translucent door.
 74037 | Vaults:3 | Found a large runed translucent door.
 74037 | Vaults:3 | Noticed Juploucw's ghost (veteran MiBe)
 75041 | Vaults:4 | Reached XP level 24. HP: 214/214 MP: 40/40
 76767 | Vaults:4 | Found Dogg's Gadget Emporium.
 76902 | Vaults:5 | Entered Level 5 of the Vaults
 76912 | Vaults:5 | Reached skill level 15 in Transmutations
 77228 | Vaults:5 | Identified the +1 leather armour "Ytzehimnea" {rF+ MR+
                  | Stlth-}
 77260 | Vaults:5 | Noticed an ancient lich
 77260 | Vaults:5 | Noticed Mara
 77295 | Vaults:5 | Killed an ancient lich
 77360 | Vaults:5 | Got a twitching marble ring
 77361 | Vaults:5 | Identified the ring "Lirraog" {Str+6 SInv} (You found it on
                  | level 5 of the Vaults)
 77364 | Vaults:5 | Identified the ring "Ypaoweru" {rElec rPois Slay+2 Stlth-}
 77377 | Vaults:5 | Identified the +9 scale mail of Gibbent {rF+ Str+2}
 77558 | Vaults:5 | Noticed KristoblXynda's illusion
 77569 | Vaults:5 | Reached XP level 25. HP: 143/226 MP: 41/41
 77590 | Vaults:5 | Killed Mara
 77874 | Vaults:5 | Got a silver rune of Zot
 79203 | Vaults:2 | Reached skill level 15 in Spellcasting
 79816 | Depths:1 | Bought a potion of curing for 54 gold pieces
 79816 | Depths:1 | Bought a potion of heal wounds for 90 gold pieces
 79816 | Depths:1 | Bought 2 potions of curing for 108 gold pieces
 79824 | Depths:1 | Bought a +2 kite shield of reflection for 370 gold pieces
 80132 | Crypt:1  | Entered Level 1 of the Crypt
 80361 | Crypt:1  | Identified the +1 robe of Brilliance {+Inv rPois Dex-3
                  | Slay+3}
 82249 | Crypt:1  | Acquired the +12 double sword of the Foremost Runes
                  | {vorpal, rF+ rN+ Dex+4}
 82777 | Crypt:2  | Reached skill level 15 in Shields
 84057 | Crypt:3  | Entered Level 3 of the Crypt
 84057 | Crypt:3  | Noticed Bai Suzhen
 84068 | Crypt:3  | Killed Bai Suzhen
 84424 | Crypt:3  | Reached XP level 26. HP: 238/238 MP: 42/42
 84721 | Crypt:3  | Found an ancient bone altar of Kikubaaqudgha.
 84743 | Crypt:3  | Found a basalt altar of Yredelemnul.
 84818 | Crypt:3  | Found the +10 Black Knight's barding {ponderous, rPois rN+}
 84870 | Crypt:3  | Got a scintillating ivory ring
 84894 | Crypt:3  | Identified the ring "Sulyvvech" {rCorr Str+4} (You found it
                  | on level 3 of the Crypt)
 85679 | Crypt:3  | Found a staircase to the Tomb.
 85740 | Crypt:3  | Learned a level 8 spell: Necromutation
 86180 | Zot:1    | Entered Level 1 of the Realm of Zot
 86209 | Depths:5 | Reached skill level 1 in Necromancy
 86416 | Zot:1    | You are sucked into a shaft and drop 1 floor!
 86746 | Zot:1    | Noticed an orb of fire
 86751 | Zot:1    | Gained mutation: You are weak. (Str -2) [an orb of fire]
 86764 | Zot:1    | Killed an orb of fire
 86868 | Zot:1    | Got a faintly glowing turquoise ring
 86872 | Zot:1    | Identified the ring of Lig Hiq {Wiz rF+} (You found it on
                  | level 1 of the Realm of Zot)
 87393 | Zot:1    | Reached skill level 15 in Earth Magic
 87456 | Zot:1    | Learned a level 9 spell: Shatter
 87613 | Zot:1    | Reached skill level 5 in Necromancy
 88049 | Zot:1    | Found a transporter.
 88053 | Zot:1    | Identified the +1 cloak "Nowyirup" {*Corrode +Inv rC+
                  | Regen+}
 88053 | Zot:1    | Identified the cursed -5 cloak "Vecwotto" {rC+ MR+ Stlth-}
 88058 | Zot:1    | Found a bloodstained altar of Trog.
 88058 | Zot:1    | Noticed Ufemuhich's ghost (legendary MiBe)
 88058 | Zot:1    | Identified the +7 broad axe "Ocvala" {vorpal, rF++ rN+}
 88059 | Zot:1    | Identified the +8 double sword of Contention {antimagic,
                  | rPois MR+}
 88066 | Zot:1    | Found a transporter.
 88066 | Zot:1    | Identified the +5 dire flail of the Slicing Seer
                  | {antimagic, *Rage rPois rC+ Dex+2}
 88127 | Zot:1    | Reached skill level 21 in Long Blades
 88274 | Depths:5 | Lost mutation: You are weak. (Str -2) [potion of mutation]
 88274 | Depths:5 | Gained mutation: You are clumsy. (Dex -2) [potion of
                  | mutation]
 88274 | Depths:5 | Gained mutation: You are very clumsy. (Dex -4) [potion of
                  | mutation]
 88274 | Depths:5 | Gained mutation: You have an increased reservoir of magic.
                  | (+10% MP) [potion of mutation]
 88274 | Depths:5 | Gained mutation: You have large cloven feet. [potion of
                  | mutation]
 88275 | Depths:5 | Lost mutation: You have an increased reservoir of magic.
                  | (+10% MP) [potion of mutation]
 88275 | Depths:5 | Lost mutation: You are very clumsy. (Dex -4) [potion of
                  | mutation]
 88275 | Depths:5 | Lost mutation: You are clumsy. (Dex -2) [potion of
                  | mutation]
 88275 | Depths:5 | Gained mutation: You are occasionally teleported next to
                  | monsters. [potion of mutation]
 88275 | Depths:5 | Gained mutation: You occasionally shout uncontrollably at
                  | your foes. [potion of mutation]
 88275 | Depths:5 | Gained mutation: You have hoof-like feet. [potion of
                  | mutation]
 88276 | Depths:5 | Lost mutation: You occasionally shout uncontrollably at
                  | your foes. [potion of mutation]
 88276 | Depths:5 | Lost mutation: You are occasionally teleported next to
                  | monsters. [potion of mutation]
 88276 | Depths:5 | Lost mutation: You have hoof-like feet. [potion of
                  | mutation]
 88276 | Depths:5 | Gained mutation: Your tail ends in a poisonous barb.
                  | [potion of mutation]
 88276 | Depths:5 | Gained mutation: You are dopey. (Int -2) [potion of
                  | mutation]
 88276 | Depths:5 | Gained mutation: Your system is resistant to poisons.
                  | (rPois) [potion of mutation]
 88276 | Depths:5 | Gained mutation: Your spells are a little harder to cast,
                  | but a little more powerful. [potion of mutation]
 88446 | Depths:4 | Voluntarily entered the Abyss.
 88922 | Abyss:2  | Gained mutation: Your flesh is heat resistant. (rF+) [a
                  | neqoxec]
 89024 | Abyss:2  | Gained mutation: You tend to lose your temper in combat. [a
                  | neqoxec]
 89131 | Depths:4 | Escaped the Abyss
 89133 | Depths:4 | Lost mutation: Your flesh is heat resistant. (rF+) [potion
                  | of mutation]
 89133 | Depths:4 | Lost mutation: Your spells are a little harder to cast, but
                  | a little more powerful. [potion of mutation]
 89133 | Depths:4 | Gained mutation: Your magical capacity is low. (-10% MP)
                  | [potion of mutation]
 89133 | Depths:4 | Gained mutation: Your flesh is cold resistant. (rC+)
                  | [potion of mutation]
 89134 | Depths:4 | Lost mutation: You tend to lose your temper in combat.
                  | [potion of mutation]
 89134 | Depths:4 | Lost mutation: You are dopey. (Int -2) [potion of mutation]
 89134 | Depths:4 | Lost mutation: Your magical capacity is low. (-10% MP)
                  | [potion of mutation]
 89134 | Depths:4 | Gained mutation: You expend magic power (3 MP) to
                  | strengthen your wands. [potion of mutation]
 89134 | Depths:4 | Gained mutation: Your spells are a little harder to cast,
                  | but a little more powerful. [potion of mutation]
 89151 | Depths:4 | Voluntarily entered the Abyss.
 89178 | Abyss:1  | Found a corrupted altar of Lugonu.
 89406 | Abyss:1  | Reached XP level 27. HP: 221/221 MP: 33/37
 89515 | Depths:4 | Escaped the Abyss
 89517 | Depths:4 | Voluntarily entered the Abyss.
 89665 | Abyss:1  | Gained mutation: Your body sometimes deteriorates upon
                  | taking damage. [a neqoxec]
 90111 | Abyss:3  | Gained mutation: You tend to lose your temper in combat. [a
                  | neqoxec]
 90467 | Abyss:4  | Paralysed by accursed screaming for 1 turns
 90610 | Abyss:4  | Paralysed by accursed screaming for 1 turns
 90690 | Abyss:4  | Reached skill level 10 in Necromancy
 90707 | Abyss:4  | Gained mutation: You often lose your temper in combat. [a
                  | neqoxec]
 90762 | Abyss:4  | Reached skill level 22 in Long Blades
 90890 | Abyss:4  | Gained mutation: You are clumsy. (Dex -2) [a neqoxec]
 90934 | Abyss:4  | Got an abyssal rune of Zot
 91110 | Abyss:4  | Paralysed by accursed screaming for 2 turns
 91125 | Depths:4 | Escaped the Abyss
 91840 | Depths:1 | Lost mutation: Your spells are a little harder to cast, but
                  | a little more powerful. [potion of mutation]
 91840 | Depths:1 | Lost mutation: Your body sometimes deteriorates upon taking
                  | damage. [potion of mutation]
 91840 | Depths:1 | Lost mutation: You often lose your temper in combat.
                  | [potion of mutation]
 91840 | Depths:1 | Lost mutation: You are clumsy. (Dex -2) [potion of
                  | mutation]
 91840 | Depths:1 | Gained mutation: Your mind is acute. (Int +2) [potion of
                  | mutation]
 92305 | Slime:1  | Entered Level 1 of the Pits of Slime
 92325 | Slime:1  | Gained mutation: You are clumsy. (Dex -2) [a shining eye]
 92889 | Slime:2  | Gained mutation: You often lose your temper in combat. [a
                  | shining eye]
 92892 | Slime:2  | Gained mutation: You are frail. (-10% HP) [a shining eye]
 93247 | Slime:2  | Paralysed by a floating eye for 4 turns
 93404 | Slime:3  | Gained mutation: Your magical capacity is low. (-10% MP) [a
                  | shining eye]
 93406 | Slime:3  | Gained mutation: You do not regenerate when monsters are
                  | visible. [a shining eye]
 93525 | Slime:4  | Gained mutation: You have an uncontrollable temper. [a
                  | shining eye]
 94599 | Slime:5  | Entered Level 5 of the Pits of Slime
 94613 | Slime:5  | Noticed the Royal Jelly
 95112 | Slime:5  | Killed the Royal Jelly
 95350 | Slime:5  | Got a slimy rune of Zot
 95414 | Slime:5  | Got a wavering turquoise ring
 95417 | Slime:5  | Identified the ring "Niwinn" {rF+ rC+ Str+3} (You found it
                  | on level 5 of the Pits of Slime)
 95952 | Lair:1   | Lost mutation: You have large cloven feet. [potion of
                  | mutation]
 95952 | Lair:1   | Lost mutation: You are clumsy. (Dex -2) [potion of
                  | mutation]
 95952 | Lair:1   | Lost mutation: Your mind is acute. (Int +2) [potion of
                  | mutation]
 95952 | Lair:1   | Lost mutation: You are frail. (-10% HP) [potion of
                  | mutation]
 95952 | Lair:1   | Gained mutation: Your mind is acute. (Int +2) [potion of
                  | mutation]
 95953 | Lair:1   | Lost mutation: You have an uncontrollable temper. [potion
                  | of mutation]
 95953 | Lair:1   | Lost mutation: Your magical capacity is low. (-10% MP)
                  | [potion of mutation]
 95953 | Lair:1   | Gained mutation: You occasionally shout uncontrollably at
                  | your foes. [potion of mutation]
 95953 | Lair:1   | Lost mutation: Your tail ends in a poisonous barb. [potion
                  | of mutation]
 95953 | Lair:1   | Gained mutation: You are resistant to electric shocks.
                  | (rElec) [potion of mutation]
 95954 | Lair:1   | Lost mutation: You occasionally shout uncontrollably at
                  | your foes. [potion of mutation]
 95954 | Lair:1   | Lost mutation: Your mind is acute. (Int +2) [potion of
                  | mutation]
 95954 | Lair:1   | Gained mutation: You are clumsy. (Dex -2) [potion of
                  | mutation]
 95954 | Lair:1   | Lost mutation: You are clumsy. (Dex -2) [potion of
                  | mutation]
 96073 | Depths:1 | Bought a potion of mutation for 144 gold pieces
 96073 | Depths:1 | Bought a potion of mutation for 144 gold pieces
 96094 | Hell     | Entered the Vestibule of Hell
 96094 | Hell     | Noticed Geryon
 98184 | Hell     | Slain by a hell knight

Illustrated notes

Levels and vault maps discovered:
D:1:      minmay_arrival_widening_spiral_wide, layout_basic
D:2:      layout_basic
D:3:      layout_basic, uniq_grinder
D:4:      layout_cave_pools, serial_shops, nicolae_shop_statue_plus, uniq_robin,
          uniq_blork_the_orc
D:5:      layout_basic
D:6:      layout_basic, uniq_maggie
D:7:      layout_rooms, tgw_trog, minmay_temple_entry_drinking_statues
D:8:      wander_guarded_unrand_ratskin, layout_rooms,
          gammafunk_ghost_gnarly_gnolls
D:9:      layout_big_octagon, grunt_ministairs_1, grunt_decor_junction,
          minmay_shop_mayhem, nicolae_dithmenos_through_a_glass_darkly,
          uniq_psyche
D:10:     layout_basic, orc_david_3, grunt_decor_fettered, elyvilon_altar_1
D:11:     layout_loops_cross, grunt_lair_entry_orc_guard_hut,
          nicolae_trove_entry_path_of_doom, uniq_josephine, uniq_gastronok,
          uniq_snorg
D:12:     layout_grid_maze, serial_shops, kennysheep_little_box, uniq_rupert
D:13:     layout_rooms, grunt_vaults_entry_tiered, special_room
          [special_room_bee], uniq_maurice
D:14:     layout_irregular_city, enter_bailey_5, serial_shops, shop,
          minmay_crystal_water, chequers_serial_rivers_micro_a, uniq_azrael
D:15:     hangedman_depths_entry_try_elsewhere_first, layout_basic,
          hangedman_abyss_or_decor_stagger
Temple:   minmay_crystal_snake_temple
Lair:1:   layout_loops_ring, ebering_ghost_funeral_grove, serial_bayou_shore_a
Lair:2:   layout_misc_corridors, minmay_lair_oklob_chamber
Lair:3:   layout_gridlike, minmay_snake_entry_guardpost_small,
          hibernation_bobbens
Lair:4:   layout_cave_shapes, elwin_shoals_entry_rooms, gauntlet_entry_generic,
          kennysheep_basilisk_garden, lemuel_fruit_fields
Lair:5:   layout_regular_city, nicolae_slime_entry_slimehenge, basic_altar
Lair:6:   wormcave, layout_hall_layers, hangedman_lair_caniforms_friends,
          gammafunk_ghost_arena, worms_lemuel
Shoals:1: layout_shoals, ebering_ghost_davey_jones, serial_shops,
          nicolae_shop_trees, shop, shop, nicolae_shop_crystal, shop,
          uniq_donald
Shoals:2: layout_shoals
Shoals:3: layout_shoals, serial_shops, shop, shop_coins, uniq_louise
Shoals:4: shoals_end_simple, layout_shoals, portal_ice_cave_entry_ice_statue_two
Snake:1:  layout_layer_cave, serial_shops, bzr_entry_gold
Snake:2:  layout_misc_corridors, serial_shops, shop, grunt_megastairs_1,
          minmay_shop_star, serial_bayou_shore_b, serial_bayou_shore_b
Snake:3:  layout_misc_corridors, serial_shops, nicolae_shop_behind_doors,
          drop_trap, hangedman_snake_thin_pillar_pass, nrook_loot_triangle
Snake:4:  minmay_snake_end_coiled, layout_cave_town, basic_altar, uniq_vashnia
Slime:1:  layout_caves
Slime:2:  layout_caves, nicolae_slime_barrier,
          cheibrodos_slime_lost_civilization_7
Slime:3:  layout_caves
Slime:4:  layout_caves
Slime:5
Orc:1:    layout_caves, minmay_orc_temple_b, uniq_urug
Orc:2:    grunt_orc_community_town_hall, layout_caves,
          grunt_orc_community_big_house_1, grunt_orc_community_big_house_1,
          grunt_orc_community_house_3, grunt_orc_community_house_1,
          grunt_orc_community_house_3, grunt_orc_community_house_3,
          grunt_orc_community_house_2, serial_shops, shop
Elf:1:    layout_geoelf_diagonals, minmay_elf_annihilation, uniq_agnes,
          uniq_roxanne
Elf:2:    layout_rooms, hangedman_research_geology, uniq_asterion
Elf:3:    elf_hall_gauntlet_narrow, layout_geoelf_castle, guppyfry_elf_garden
Vaults:1: v_alt_pattern_2, vaults_dpeg_ring, vaults_room_mumra_shop_pool,
          vaults_mumra_hex, ontoclasm_vaults_spin, vaults_room_corners,
          layout_vaults_omnigrid, serial_shops, bzr_entry_water, shop_fountains
Vaults:2: biasface_vaults_ghost_orc_armoury, vaults_room_hallway,
          minmay_crypt_entry_simple_sparse, v_misc_14,
          layout_vaults_chaotic_city
Vaults:3: advil_vaults_ghost_guards, v_misc_30, vaults_dpeg_spiral,
          vaults_room_large_hall, nicolae_vaults_display_case,
          dpeg_vaults_monster_box, ontoclasm_vaults_claustrophobia,
          nicolae_vaults_border_crossing, hangedman_vaults_cutoff,
          ontoclasm_vaults_chip, hangedman_vaults_trim, layout_vaults_omnibox,
          uniq_margery
Vaults:4: ontoclasm_vaults_idyll, ontoclasm_vaults_ring_small, v_misc_26,
          ontoclasm_vaults_shout, vaults_mumra_chevron_long,
          hangedman_vaults_corner, hangedman_vaults_locks,
          nicolae_vaults_shelves_hall, nicolae_vaults_diagonal_hallway_6,
          serial_ice_g, nicolae_vaults_little_squares_5,
          vaults_standard_mumra_x, layout_vaults_ring, serial_shops,
          nicolae_shop_behind_doors
Vaults:5: serial_shops, uniq_mara
Crypt:1:  layout_gridlike, eino_tiny_chamber, palyth_stone_intersect,
          st_stairs_13, grunt_crypt_arrival_webbed
Crypt:2:  layout_catacombs, minivault_27, grunt_megastairs_4
Crypt:3:  lightli_unholy_cathedral, layout_chaotic_city,
          nicolae_tomb_entry_grand_gallery, uniq_bai_suzhen
Depths:1: layout_twisted_cross, pf_vacation_house_of_asmodeus,
          roderic_serpentine_path, chequers_serial_rivers_room_a,
          minmay_misc_feat_four_crosses, st_stairs_13, abandoned_shop,
          minivault_10, grunt_ministairs_8, minmay_misc_feat_enclosed,
          minmay_misc_feat_pillars, kennysheep_just_a_vault, grunt_megastairs_3,
          serial_bayou_shore_b, firewood_loft
Depths:2: minmay_the_grid_octo_2x2 [minmay_the_grid_octo_vomiting_pacman,
          minmay_the_grid_octo_thin_diamonds,
          minmay_the_grid_octo_tetromino_candy,
          minmay_the_grid_octo_prize_big_c], layout_basic, abyss_entry,
          hell_entry, lemuel_crystal_altar, minmay_misc_feat_alley,
          kennysheep_generic_room_12, infiniplex_staircase_zigzag_5
Depths:3: minmay_ornate_pinched, layout_cave_pools, rand_demon_pan_entry_9,
          hell_entry, infiniplex_staircase_hallway_doors, uniq_boris
Depths:4: kennysheep_windowed_halls, layout_cave_shapes, enter_ziggurat_e,
          grunt_hell_horde, abyss_entry, infiniplex_staircase_pool_2,
          minmay_shoptagon, serial_bayou_shore_b, serial_bayou_shore_b,
          uniq_sojobo
Depths:5: evilmike_zot_entry_diamond, layout_gridville, pf_coc_iceberg,
          evilmike_ruin_ashenzari
Hell
Zot:1:    kennysheep_room_grid, layout_gridville,
          gammafunk_ghost_wrathful_warriors
Zot:2:    layout_gridlike

Skill      XL: |  1  2  3  4  5  6  7  8  9 10 11 12 13 14 15 16 17 18 19 20 21 22 23 24 25 26 27 |
---------------+----------------------------------------------------------------------------------+-----
Throwing       | 2 |  2.0
Dodging        | 3 4 5 7 8 9 10 11 12 13 14 15 16 17 18 19 20 | 20.1
Fighting       | 3 4 5 7 8 10 12 13 14 16 17 18 19 20 | 20.0
Long Blades    | 5 7 8 10 11 12 13 15 16 17 18 19 20 21 22 | 22.3
Shields        | 1 3 4 7 9 11 12 13 14 15 | 15.1
Evocations     | 4 6 8 10 | 10.0
Stealth        | 1 5 |  5.0
Summonings     | 1 2 |  2.2
Conjurations   | 1 5 7 9 10 | 10.9
Earth Magic    | 4 8 10 13 15 | 15.6
Transmutations | 2 3 7 9 11 13 14 15 16 17 20 | 20.7
Spellcasting   | 3 6 8 10 12 13 14 15 | 15.0
Necromancy     | 7 14 | 14.0

Action                   |  1- 3 |  4- 6 |  7- 9 | 10-12 | 13-15 | 16-18 | 19-21 | 22-24 | 25-27 || total
-------------------------+-------+-------+-------+-------+-------+-------+-------+-------+-------++-------
Melee: Long sword        |   123 |   114 |   449 |   376 |       |       |       |       |       ||  1062
       Tailslap          |    16 |    24 |    81 |   138 |   306 |   381 |   542 |   654 |   641 ||  2783
       Scimitar          |       |       |       |   520 |   768 |       |       |       |       ||  1288
       Demon blade       |       |       |       |       |   834 |  1466 |  1962 |  2373 |   785 ||  7420
       Double sword      |       |       |       |       |       |       |       |       |  1572 ||  1572
       Kick              |       |       |       |       |       |       |       |       |   486 ||   486
Throw: Throwing net      |     1 |     1 |       |       |     1 |       |       |       |       ||     3
 Cast: Statue Form       |       |       |       |       |       |       |       |     7 |   101 ||   108
       Necromutation     |       |       |       |       |       |       |       |       |     2 ||     2
Invok: Potion Petition   |       |       |       |     2 |       |     1 |     2 |     2 |     4 ||    11
       Call Merchant     |       |       |       |       |     2 |     2 |     2 |     1 |     7 ||    14
 Abil: Evoke Invisibilit |       |       |       |       |       |       |       |     1 |       ||     1
Evoke: Wand              |       |     3 |     6 |    19 |    16 |     2 |     9 |     4 |     6 ||    65
       Phantom mirror    |       |       |       |       |     2 |       |       |       |     1 ||     3
       Condenser vane    |       |       |       |       |     2 |     1 |     2 |     1 |     1 ||     7
       Tin of tremorston |       |       |       |       |       |       |       |       |     2 ||     2
       Box of beasts     |       |       |       |       |       |       |       |       |     1 ||     1
  Use: Scroll            |     4 |     2 |     7 |    15 |    18 |    13 |    15 |    23 |    21 ||   118
       Potion            |       |     3 |     1 |     3 |     4 |     7 |     3 |     2 |    15 ||    38
 Stab: Sleeping          |     2 |       |       |    10 |    17 |    14 |    10 |    27 |     3 ||    83
       Paralysed         |       |     3 |    22 |     9 |    11 |       |     3 |       |     2 ||    50
       Distracted        |       |       |     1 |     7 |    13 |    13 |    15 |    37 |    29 ||   115
       Invisible         |       |       |       |       |       |       |       |       |     8 ||     8
Armor: Skin              |    32 |    40 |   125 |   264 |   296 |   277 |   381 |   347 |   582 ||  2344
Dodge: Dodged            |   101 |   111 |   232 |   553 |   745 |   742 |  1041 |  1326 |  2025 ||  6876
Block: Buckler           |       |       |    71 |   143 |   645 |   719 |  1182 |  1447 |    74 ||  4281
       Reflection        |       |       |       |       |    39 |    69 |   118 |   182 |    79 ||   487
       Kite shield       |       |       |       |       |       |       |       |       |  2897 ||  2897
       Rpst.: Long sword |    30 |    33 |    78 |    66 |       |       |       |       |       ||   207
       Scimitar          |       |       |       |    88 |   108 |       |       |       |       ||   196
       Demon blade       |       |       |       |       |    87 |   137 |   167 |   298 |   111 ||   800
       Double sword      |       |       |       |       |       |       |       |       |   229 ||   229

Table legend: (Time is in decaauts)
 A = Elapsed time spent in this place.
 B = Non-inter-level travel time spent in this place.
 C = Inter-level travel time spent in this place.
 D = Time resting spent in this place.
 E = Time spent auto-exploring this place.
 F = Levels seen in this place.
 G = Mean time per level.
                   A        B        C        D        E       F      G
               +--------+--------+--------+--------+--------+-----+--------+
         Total |  98996 |  90905 |   8091 |  31797 |  32550 |  69 | 1434.7 |
       Dungeon |  23409 |  20044 |   3365 |   6588 |   8939 |  15 | 1560.6 |
        Temple |    253 |    198 |     55 |      0 |    183 |   1 |  253.0 |
          Lair |  11039 |   9345 |   1694 |   2975 |   3816 |   6 | 1839.8 |
        Shoals |   5216 |   4999 |    217 |   1523 |   1377 |   4 | 1304.0 |
     Snake Pit |   6054 |   5883 |    171 |   1594 |   2607 |   4 | 1513.5 |
    Slime Pits |   3685 |   3614 |     71 |   1117 |   1471 |   5 |  737.0 |
  Orcish Mines |   3169 |   2968 |    201 |   1162 |   1192 |   2 | 1584.5 |
   Elven Halls |   4755 |   4502 |    253 |   1249 |   1875 |   3 | 1585.0 |
        Vaults |  10812 |  10238 |    574 |   3757 |   3641 |   5 | 2162.4 |
         Crypt |   6053 |   5880 |    173 |   1680 |   2830 |   3 | 2017.7 |
        Depths |  16107 |  14832 |   1275 |   7910 |   3339 |   5 | 3221.4 |
          Hell |    140 |    140 |      0 |      0 |      0 |   1 |  140.0 |
           Zot |   2028 |   1989 |     39 |    659 |    746 |   2 | 1014.0 |
         Abyss |   3552 |   3552 |      0 |     57 |    438 |   7 |  507.4 |
        Bazaar |    323 |    323 |      0 |    125 |     17 |   2 |  161.5 |
         Trove |     32 |     32 |      0 |      0 |      0 |   1 |   32.0 |
        Bailey |    452 |    452 |      0 |    130 |     76 |   1 |  452.0 |
      Ice Cave |    787 |    787 |      0 |    519 |      0 |   1 |  787.0 |
      Gauntlet |   1120 |   1120 |      0 |    746 |      0 |   1 | 1120.0 |
               +--------+--------+--------+--------+--------+-----+--------+

Top non-repeatable levels by time:
Depths:1: 4961 daAuts
Depths:2: 3141 daAuts
Depths:3: 3071 daAuts
Depths:4: 2865 daAuts
    D:11: 2824 daAuts
Vaults:3: 2533 daAuts
  Lair:6: 2518 daAuts
    D:12: 2430 daAuts
  Lair:1: 2354 daAuts
Vaults:2: 2238 daAuts
Vaults:4: 2160 daAuts
   Elf:3: 2104 daAuts
    D:14: 2085 daAuts
 Crypt:1: 2082 daAuts
Depths:5: 2068 daAuts
